 Dungeon Crawl Stone Soup version 0.27-a0-1565-gad902ab807 (webtiles) character file.

Game seed: 4559265814157300347

182 gimp the Chopper (level 5, 0/64 HPs)
             Began as a Formicid Monk on July 16, 2021.
             Slain by an ogre (8 damage)
             ... on level 4 of the Dungeon.
             The game lasted 00:07:06 (4748 turns).

gimp the Chopper (Formicid Monk)                    Turns: 4748, Time: 00:07:07

Health: 0/64       AC: 22    Str: 17    XL:     5   Next: 93%
Magic:  0/5        EV:  2    Int:  9    God:
Gold:   75         SH:  0    Dex: 13    Spells: 4/4 levels left

rFire    . . .     SeeInvis .   a - +0 hand axe
rCold    . . .     Faith    .   (no shield)
rNeg     + + +     Spirit   +   (armour currently unavailable)
rPois    +         Reflect  .   (helmet unavailable)
rElec    .         Harm     .   (cloak currently unavailable)
rCorr    .         Rampage  .   (gloves currently unavailable)
Will     .....                  (boots currently unavailable)
Stlth    ++........             o - amulet of guardian spirit
HPRegen  0.20/turn              (no ring)
MPRegen  0.09/turn              (no ring)

@: tree-form
A: stationary, stasis, torment immunity, boosted hp, permanent stasis, dig
shafts and tunnels, (antennae 3), four strong arms
a: no special abilities


You were on level 4 of the Dungeon.
You were a tree.
You visited 1 branch of the dungeon, and saw 4 of its levels.

You collected 123 gold pieces.
You spent 48 gold pieces at shops.

Inventory:

Hand Weapons
 a - a +0 hand axe (weapon)
Missiles
 e - 4 boomerangs of dispersal
 m - 8 poisoned darts
Armour
 f - a +0 leather armour (melded)
Jewellery
 o - an amulet of guardian spirit (around neck)
 q - a ring of fire
Scrolls
 c - a scroll of holy word {unknown}
 g - 3 scrolls of vulnerability {unknown}
 j - 2 scrolls of enchant weapon {unknown}
 r - a scroll of magic mapping {unknown}
 t - a scroll of fog
Potions
 b - 3 potions of curing {unknown}
 d - a potion of cancellation {unknown}
 h - a potion of ambrosia {unknown}
 i - a potion of heal wounds {unknown}
 l - a potion of attraction {unknown}
 n - a potion of might {unknown}
 p - a potion of degeneration {unknown}
 s - a potion of magic {unknown}
 u - a potion of haste {unknown}


   Skills:
 + Level 4.6 Fighting
 * Level 5.3 Axes
 - Level 2.6 Dodging
 - Level 2.4 Stealth


You had 4 spell levels left.
You didn't know any spells.
Your spell library contained the following spells:

 Spells                   Type           Power      Damage    Failure   Level
 Slow                     Hex            0%         N/A       52%         2
 Confusing Touch          Hex            0%         N/A       77%         3
 Vampiric Draining        Necr           0%         2d6       77%         3


Dungeon Overview and Level Annotations

Branches:
Dungeon (4/15)
 Temple: D:4-7

Altars:
Uskayaw

Shops:
D:1 (   D:4 ?


Innate Abilities, Weirdness & Mutations

You are a tree.
Your roots penetrate the ground, keeping you stationary.
You cannot be teleported.
You are immune to unholy pain and torment.
Your maximum health is greatly increased.
Your equipment is partially melded.
You cannot be hasted, slowed, berserked, paralysed or teleported.
You can dig through walls and to a lower floor.
((You have a pair of large antennae on your head. (SInv)))
Your four strong arms can wield two-handed weapons with a shield.


Message History

The ogre shouts!
The ogre hits you with a +0 giant club!
You take 11 damage, and have 32/43 hp.
MASSIVE DAMAGE!!
You now have 4/5 mp.
You slash the ogre!
The ogre is moderately wounded.
The ogre hits you with a +0 giant club.
You take 5 damage, and have 27/43 hp.
You now have 3/5 mp.
You hit the ogre.
The ogre is moderately wounded.
The ogre closely misses you.
You hit the ogre but do no damage.
The ogre is moderately wounded.
The ogre misses you.
You barely miss the ogre.
The ogre is moderately wounded.
You slash the ogre!
The ogre is severely wounded.
The ogre closely misses you.
You barely miss the ogre.
The ogre is heavily wounded.
The ogre barely misses you.
You hit the ogre.
The ogre is severely wounded.
The ogre hits you with a +0 giant club!!
* * * LOW HITPOINT WARNING * * *
You take 19 damage, and have 8/43 hp.
MASSIVE DAMAGE!!
You now have 0/5 mp.
You are too injured to fight recklessly!
You are too injured to fight recklessly!
You aren't carrying any items that you can evoke.
Unknown command.
Really quaff the potion of lignification?
You turn into a tree.
Your +0 leather armour melds into your body.
Your roots penetrate the ground.
The ogre hits you with a +0 giant club!
* * * LOW HITPOINT WARNING * * *
You now have 8/64 hp.
You hit the ogre.
The ogre is severely wounded.
The ogre hits you with a +0 giant club!
You die...

#)#.#{#(#..######.#
#.##.{{##.........#
#.###{###.######..#
#.#.###.#.# #..
##†#.....#.# #.#
#..##._.##.# #.#
#...#...#..# #.#
#...##+##..######.########
#.#..........O♣...........
#............####.#########
####........>.............#
###+#......#####.#######.##
#.........#......# #..#
#.........#.###### ##.#
#.........#.#
###########'##
#.........#.#
#............#
#.........#.#
#.......)....##


You could see an ogre.

Vanquished Creatures
  A water moccasin skeleton (D:4)
  6 adders
  2 worms (D:2)
  5 dart slugs
  4 orcs (D:3)
  5 endoplasms
  6 giant cockroaches
  6 goblins
  7 hobgoblins
  4 jackals (D:3)
  4 quokkas
  4 bats
  5 frilled lizards
  2 kobolds
  2 rats
63 creatures vanquished.

Notes
Turn   | Place    | Note
-------+----------+-------------------------------------------
     0 | D:1      | gimp the Formicid Monk began the quest for the Orb.
     0 | D:1      | Reached XP level 1. HP: 18/18 MP: 1/1
    20 | D:1      | Found Igakoiri's Weapon Shoppe.
   374 | D:1      | Found a faded altar of an unknown god.
   793 | D:1      | Reached XP level 2. HP: 24/24 MP: 2/2
  1355 | D:2      | Reached XP level 3. HP: 30/30 MP: 3/3
  1623 | D:2      | Reached skill level 4 in Axes
  1804 | D:2      | Reached XP level 4. HP: 34/37 MP: 4/4
  3396 | D:3      | Reached XP level 5. HP: 27/42 MP: 3/5
  4334 | D:4      | Found Tukhow's Magic Scroll Shoppe.
  4341 | D:4      | Reached skill level 5 in Axes
  4343 | D:4      | Bought a scroll of fog for 24 gold pieces
  4343 | D:4      | Bought a scroll of identify for 24 gold pieces
  4691 | D:4      | Noticed a +0 falchion
  4694 | D:4      | Noticed a +0 spear
  4698 | D:4      | Noticed a +0 spear
  4698 | D:4      | Noticed a +0 short sword
  4698 | D:4      | Noticed a +0 dagger
  4698 | D:4      | Noticed a +0 short sword
  4699 | D:4      | Noticed a +0 falchion
  4699 | D:4      | Noticed a +0 dagger
  4701 | D:4      | Found a hide-covered altar of Uskayaw.
  4715 | D:4      | Noticed an ogre
  4748 | D:4      | Slain by an ogre

Illustrated notes

Levels and vault maps discovered:
D:1:      wheals_arrival_shading, layout_basic,
          ebering_ecumenical_altar_sacrificial, serial_shops, shop_statue,
          minmay_nonomino_d4
D:2:      layout_basic
D:3:      layout_basic
D:4:      layout_basic, nicolae_uskayaw_en_pointe, serial_shops,
          nicolae_shop_competitors_out_of_business, uniq_crazy_yiuf_cottage,
          uniq_natasha

Skill      XL: |  1  2  3  4  5 |
---------------+----------------+-----
Axes           | 4 5 |  5.3
Fighting       | 4 |  4.6
Dodging        | |  2.6
Stealth        | |  2.4

Action                   |  1- 3 |  4- 6 || total
-------------------------+-------+-------++-------
Melee: Hand axe          |    86 |   176 ||   262
 Abil: Dig               |     1 |       ||     1
  Use: Scroll            |       |     2 ||     2
       Potion            |       |     1 ||     1
 Stab: Distracted        |     1 |       ||     1
       Sleeping          |     2 |     2 ||     4
Armor: Robe              |     7 |       ||     7
       Leather armour    |    14 |    39 ||    53
Dodge: Dodged            |    75 |    89 ||   164

Table legend: (Time is in decaauts)
 A = Elapsed time spent in this place.
 B = Non-inter-level travel time spent in this place.
 C = Inter-level travel time spent in this place.
 D = Time resting spent in this place.
 E = Time spent auto-exploring this place.
 F = Levels seen in this place.
 G = Mean time per level.
                   A        B        C        D        E       F      G
               +--------+--------+--------+--------+--------+-----+--------+
         Total |   4771 |   4727 |     44 |    178 |   3909 |   4 | 1192.8 |
       Dungeon |   4771 |   4727 |     44 |    178 |   3909 |   4 | 1192.8 |
               +--------+--------+--------+--------+--------+-----+--------+

Top non-repeatable levels by time:
     D:2: 1576 daAuts
     D:1: 1342 daAuts
     D:3: 1060 daAuts
     D:4: 792 daAuts
